 Dungeon Crawl Stone Soup version 0.30-a0-883-g5ad918d77d (webtiles) character file.

Game seed: 12879562259717015506

93 hikkokomori the Ducker (level 4, -7/35 HPs)
             Began as a Merfolk Gladiator on Mar 18, 2023.
             Mangled by Sigmund
             ... wielding a +0 scythe
              (8 damage)
             ... on level 3 of the Dungeon.
             The game lasted 00:02:02 (2026 turns).

hikkokomori the Ducker (Merfolk Gladiator)          Turns: 2026, Time: 00:02:02

Health: -7/35      AC:  4    Str: 14    XL:     4   Next: 61%
Magic:  4/4        EV: 14    Int:  7    God:
Gold:   131        SH:  0    Dex: 17    Spells: 3/3 levels left

rFire   . . .      SeeInvis .    a - +0 long sword
rCold   . . .      Faith    .    (no shield)
rNeg    . . .      Spirit   .    b - +0 leather armour
rPois   .          Reflect  .    c - +0 helmet
rElec   .          Rampage  .    (no cloak)
rCorr   .                        (no gloves)
Will    .....                    (no boots)
Stlth   +                        (no amulet)
HPRegen 0.25/turn                (no ring)
MPRegen 0.09/turn                (no ring)

@: brilliant, attractive
A: (nimble swimmer 2), mertail, deterioration 1, mutation resistance 1, wild
magic 1
a: no special abilities


You were on level 3 of the Dungeon.
You visited 1 branch of the dungeon, and saw 3 of its levels.

You collected 131 gold pieces.

Inventory:

Hand Weapons
 a - a +0 long sword (weapon)
Missiles
 e - 3 javelins (quivered)
 h - 4 poisoned darts
Armour
 b - a +0 leather armour (worn)
 c - a +0 helmet (worn)
Jewellery
 p - a +5 ring of evasion
Scrolls
 g - a scroll of identify {unknown}
 i - 2 scrolls of teleportation
 k - a scroll of vulnerability {unknown}
 l - a scroll of enchant weapon {unknown}
 n - a scroll of blinking {unknown}
 q - a scroll of immolation {unknown}
Potions
 f - a potion of curing {unknown}
 j - a potion of brilliance
 m - a potion of attraction
 o - a potion of heal wounds {unknown}
 r - a potion of mutation


   Skills:
 + Level 3.2 Fighting
 + Level 4.4 Long Blades
 + Level 2.8 Throwing
 + Level 4.9 Dodging


You had 3 spell levels left.
You didn't know any spells.
Your spell library was empty.

Dungeon Overview and Level Annotations

Branches:
Dungeon (3/15)

Altars:
Gozag

Annotations:
D:3 Sigmund


Innate Abilities, Weirdness & Mutations

((You are very nimble when in or above water. (Stealth+, EV+, Speed+++)))
Your lower body shifts to a powerful aquatic tail in water.
Your body sometimes deteriorates upon taking damage.
You are somewhat resistant to further mutation.
Your spells are a little harder to cast, but a little more powerful.


Message History

You are confused.
Non-targeted confused throw: 2 throwing nets
Press: ? - help, Dir - look around, f - activate You throw a throwing net.
Something hits you!
Unknown command.
You closely miss something. You hit something. Something hits you!
You bump into the rock wall.
Something hits you.
You bump into the rock wall.
Unknown command.
Non-targeted confused throw: throwing net
Press: ? - help, Dir - look around, f - activate
Okay, then.
Unknown command.
It was a potion of brilliance.
You feel clever all of a sudden.
You feel less confused. Something hits you.
* * * LOW HITPOINT WARNING * * *
Unknown command.
Okay, then.
Throw: throwing net
Press: ? - help, Shift-Dir - straight line You throw a throwing net.
Something hits you but does no damage.
Unknown command.
Okay, then.
You miss something. You closely miss something. Something hits you.
* * * LOW HITPOINT WARNING * * *
You completely miss something. Something hits you!
* * * LOW HITPOINT WARNING * * *
It was a potion of attraction.
You feel attractive to monsters. Something barely misses you.
It was a potion of mutation.
You feel extremely strange.
You feel yourself wasting away.
You feel genetically stable.
You feel less in control of your magic.
You slash something! Something hits you!
You die...

.>. #.####
....(# #.##.#
#.##.# #.##{#
..#######.##@#
.............#
.########.####.#
.............#
#######.######
#.# #.# #.# #.#


There were no monsters in sight!

Vanquished Creatures
  4 adders (D:2)
  2 dart slugs (D:1)
  3 ball pythons
  4 bats
  7 endoplasms
  6 hobgoblins
  4 jackals
  4 quokkas
  4 frilled lizards
  3 goblins
  7 kobolds
  A rat (D:2)
49 creatures vanquished.

Notes
Turn   | Place    | Note
-------+----------+-------------------------------------------
     0 | D:1      | hikkokomori the Merfolk Gladiator began the quest for the
                  | Orb.
     0 | D:1      | Reached XP level 1. HP: 16/16 MP: 1/1
   161 | D:1      | Reached XP level 2. HP: 23/23 MP: 2/2
   490 | D:1      | Reached XP level 3. HP: 19/28 MP: 3/3
   833 | D:2      | Found an opulent altar of Gozag.
   999 | D:2      | Reached XP level 4. HP: 13/35 MP: 4/4
  2006 | D:3      | Noticed Sigmund
  2023 | D:3      | HP: 1/35 [something (8)]
  2025 | D:3      | Gained mutation: Your body sometimes deteriorates upon
                  | taking damage. [potion of mutation]
  2025 | D:3      | Gained mutation: You are somewhat resistant to further
                  | mutation. [potion of mutation]
  2025 | D:3      | Gained mutation: Your spells are a little harder to cast,
                  | but a little more powerful. [potion of mutation]
  2026 | D:3      | Mangled by Sigmund

Illustrated notes

Levels and vault maps discovered:
D:1:      saegor_arrival_simple_b, layout_loops_ring,
          chequers_serial_rivers_micro_b
D:2:      layout_basic, basic_altar
D:3:      layout_basic, serial_shops, nicolae_shop_behind_doors, uniq_sigmund

Skill      XL: |  1  2  3 |
---------------+----------+-----
Long Blades    | 4 |  4.4
Fighting       | 3 |  3.2
Throwing       | |  2.8
Dodging        | |  4.9

Action                     |  1- 3 |  4- 6 || total
---------------------------+-------+-------++-------
  Melee: Long sword        |    93 |    51 ||   144
         Punch             |     1 |       ||     1
  Throw: Throwing net      |       |     3 ||     3
    Use: Potion            |       |     3 ||     3
         Scroll            |       |     1 ||     1
   Stab: Sleeping          |     2 |       ||     2
 Armour: Leather armour    |    31 |    10 ||    41
  Dodge: Dodged            |    61 |    37 ||    98

Table legend: (Time is in decaauts)
 A = Elapsed time spent in this place.
 B = Non-inter-level travel time spent in this place.
 C = Inter-level travel time spent in this place.
 D = Time resting spent in this place.
 E = Time spent auto-exploring this place.
 F = Levels seen in this place.
 G = Mean time per level.
                   A        B        C        D        E       F      G
               +--------+--------+--------+--------+--------+-----+--------+
         Total |   2052 |   2008 |     44 |      0 |   1652 |   3 |  684.0 |
       Dungeon |   2052 |   2008 |     44 |      0 |   1652 |   3 |  684.0 |
               +--------+--------+--------+--------+--------+-----+--------+

Top non-repeatable levels by time:
     D:2: 1150 daAuts
     D:1: 835 daAuts
     D:3: 67 daAuts
